 Dungeon Crawl Stone Soup version 0.30.0-5-g1a98f26d00 (webtiles) character file.

Game seed: 3198664867377380368

114 qeuew the Poker (level 4, -1/35 HPs)
             Began as a Demonspawn Monk on May 9, 2023.
             Slain by a scorpion (2 damage)
             ... on level 3 of the Dungeon.
             The game lasted 00:02:47 (1780 turns).

qeuew the Poker (Demonspawn Monk)                   Turns: 1780, Time: 00:02:47

Health: -1/35      AC: 16    Str: 10 (13) XL:     4   Next: 66%
Magic:  4/4        EV: -4    Int: 10 (11) God:
Gold:   138        SH:  0    Dex: 20 (21) Spells: 3/3 levels left

rFire   . . .        a - +0 spear
rCold   + . .        d - orb {light}
rNeg    . . .        b - +2 crystal plate armour of Dim Light {Harm Drain Fly rC+ Dex+5}
rPois   .            (no helmet)
rElec   .            (no cloak)
rCorr   .            (no gloves)
SInv    .            (no boots)
Will    .....        (no amulet) Stlth
                     (no ring)
HPRegen 0.25/turn    (no ring)
MPRegen 0.09/turn

%: harm (+30% outgoing, +20% incoming)
@: confused, lethally poisoned (-1 -> -30), ambrosia-drunk, flying, glowing
A: demonic guardian 1, demonic touch 1
a: no special abilities


You were on level 3 of the Dungeon.
You visited 1 branch of the dungeon, and saw 3 of its levels.

You collected 138 gold pieces.

Inventory:

Hand Weapons
 a - a +0 spear (weapon)
Armour
 b - the +2 crystal plate armour of Dim Light (worn) {Harm Drain Fly rC+ Dex+5}
   (You acquired it on level 2 of the Dungeon)

   Dex:       It affects your dexterity (+5).
   rC:        It protects you from cold.
   Fly:       It grants you flight.
   Drain:     It drains your maximum health when unequipped.
   Harm:      It increases damage dealt and taken.
 d - an orb of light (worn)
Scrolls
 f - a scroll of immolation {unknown}
Potions
 e - a potion of flight
 g - a potion of heal wounds


   Skills:
 + Level 3.5 Fighting
 * Level 3.7 Polearms
 + Level 1.5 Armour
 + Level 3.2 Dodging


You had 3 spell levels left.
You didn't know any spells.
Your spell library was empty.

Dungeon Overview and Level Annotations

Branches:
Dungeon (3/15)

Altars:

Shops:
D:1 =   D:2 [


Innate Abilities, Weirdness & Mutations

A weak demonic guardian rushes to your aid.
Your touch may inflict minor irresistible damage on your foes.


Message History

The scorpion is lightly wounded.
You feel sick. The orc hits you but does no damage.
The orc wizard gestures at you while chanting.
The magic dart hits you but does no damage.
The orc hits you with a +2 dagger of venom.
You are lethally poisoned!
The scorpion stings you but does no damage.
You are confused.
You feel invigorated.
You feel very sick. The orc hits you but does no damage.
The orc wizard points at you and mumbles some strange words.
The magic dart hits you. The orc hits you but does no damage.
You are lethally poisoned!
The scorpion stings you but does no damage.
You hit the scorpion but do no damage.
The scorpion is lightly wounded.
You feel very sick.
The scorpion stings you but does no damage.
The orc hits you but does no damage. x2
You are lethally poisoned!
The orc wizard hits you but does no damage.
You're too confused to move!
You feel very sick.
The scorpion stings you but does no damage.
The orc hits you but does no damage. x2
You are more poisoned.
The orc wizard hits you but does no damage.
Unknown command.
You bump into the rock wall.
You feel very sick. The scorpion stings you.
* * * LOW HITPOINT WARNING * * *
A demonic guardian appears!
The orc hits you but does no damage.
The orc wizard hits you but does no damage.
The orc hits you with a +2 dagger of venom.
* * * LOW HITPOINT WARNING * * *
You are more poisoned.
The scorpion stings you.
You die...

...........#.........#
#..♣...♣..#####+#....#
#.......##..##.#....#
........###'##'#....#
....##................#
.... #............#.###
....##............#.#
......soo.........#..
......o@?.....#####.##
....?.##......# #..
..... #5.....# ### ....
#.....(# ... #......#
## #........ #####.....
#...... #......


You could see a scorpion (ally target), an orc wizard (invisible), 2 orcs and a
friendly ufetubus (summoned).

Vanquished Creatures
  Jessica (D:2)
  Robin (D:2)
  3 adders
  3 ball pythons
  4 bats
  6 endoplasms
  2 giant cockroaches
  6 goblins (D:2)
  11 hobgoblins
  A quokka (D:1)
  A frilled lizard (D:1)
  3 rats
42 creatures vanquished.

Vanquished Creatures (collateral kills)
  A goblin (D:3)
  A ball python (D:3)
2 creatures vanquished.

Grand Total: 44 creatures vanquished

Notes
Turn   | Place    | Note
-------+----------+-------------------------------------------
     0 | D:1      | qeuew the Demonspawn Monk began the quest for the Orb.
     0 | D:1      | Reached XP level 1. HP: 18/18 MP: 1/1
   244 | D:1      | Discovered your monstrous ancestry.
   244 | D:1      | Gained mutation: Your touch may inflict minor irresistible
                  | damage on your foes. [demonic ancestry]
   244 | D:1      | Reached XP level 2. HP: 18/24 MP: 2/2
   587 | D:1      | Found Wotauvoe's Jewellery Boutique.
   887 | D:2      | Found Cumoymom's Antique Armour Emporium.
   925 | D:2      | Noticed Robin
   956 | D:2      | Gained mutation: A weak demonic guardian rushes to your
                  | aid. [demonic ancestry]
   956 | D:2      | Reached XP level 3. HP: 28/29 MP: 3/3
   971 | D:2      | Reached skill level 1 in Armour
   991 | D:2      | Killed Robin
  1123 | D:2      | Noticed Jessica
  1129 | D:2      | Killed Jessica
  1130 | D:2      | Reached XP level 4. HP: 33/35 MP: 4/4
  1592 | D:2      | Identified a scroll of acquirement
  1592 | D:2      | Acquired the +2 crystal plate armour of Dim Light {Harm
                  | Drain Fly rC+ Dex+5}
  1764 | D:3      | Noticed a scorpion
  1780 | D:3      | HP: 1/35 [orc/+2 dagger of venom (4)]
  1780 | D:3      | Slain by a scorpion

Illustrated notes

Levels and vault maps discovered:
D:1:      dpeg_arrival_more_subterranean_lakeside_camping, layout_basic,
          serial_curves, eino_curves_04, eino_curves_03, serial_shops, shop
D:2:      layout_loops_ring, serial_shops, shop, minmay_misc_feat_columns,
          grunt_ministairs_12, uniq_jessica, uniq_robin
D:3:      layout_basic, grunt_ministairs_10, chequers_serial_rivers_micro_a,
          uniq_terence

Skill      XL: |  1  2  3 |
---------------+----------+-----
Polearms       | 3 |  3.7
Dodging        | 3 |  3.2
Armour         | 1 |  1.5
Fighting       | |  3.5

Action                     |  1- 3 |  4- 6 || total
---------------------------+-------+-------++-------
  Melee: Spear             |   119 |    47 ||   166
    Use: Scroll            |     3 |     3 ||     6
         Potion            |     2 |     4 ||     6
 Armour: Robe              |     8 |       ||     8
         Ring mail         |    25 |     2 ||    27
         Crystal plate arm |       |    45 ||    45
  Dodge: Dodged            |    57 |     3 ||    60
